cohdb
Replays
Latest Replays
All Replays
Popular Replays
Top Player Replays
Match Explorer
How It Works
Community
CoH3 Stats
Reddit
Sign in to upload your games and track your stats! →
Sign in with Steam
Match 43564452
Unlisted
Match 43564452
Overview
Messages
Build Orders
End
Construct Barracks
Riflemen Squad
Selects Armored Battlegroup
Selects Veteran Crews
Riflemen Squad
1⁄4-ton 4x4 Truck
Grenade Package
Construct Medical Station
Riflemen Squad
Mechanized Support Center
Engineer Squad
Meter
Brother
0
0
Comments
sign in to comment!
No comments posted yet!